 Dungeon Crawl Stone Soup version 0.30-a0-373-gd37427bb62 (webtiles) character file.

Game seed: 15856795114626370063

22 Shayle the Conjurer (level 2, -5/19 (23) HPs)
             Began as a Demonspawn Reaver on Nov 23, 2022.
             Slain by Terence
             ... wielding a +0 flail
              (6 damage)
             ... on level 2 of the Dungeon.
             The game lasted 00:02:34 (808 turns).

Shayle the Conjurer (Demonspawn Reaver)              Turns: 808, Time: 00:02:35

HP:   -5/19 (23)    AC:  3    Str: 10    XL:     2   Next: 68%
MP:   3/5           EV: 11    Int: 14    God:
Gold: 73            SH:  4    Dex: 11    Spells: 4/5 levels left

rFire   . . .      SeeInvis .    a - +0 hand axe
rCold   . . .      Faith    .    (no shield)
rNeg    . . .      Spirit   .    b - +0 leather armour
rPois   .          Reflect  .    (no helmet)
rElec   .          Harm     .    (no cloak)
rCorr   .          Rampage  .    (no gloves)
Will    .....                    (no boots)
Stlth   +.........               (no amulet)
HPRegen 0.23/turn                (no ring)
MPRegen 0.09/turn                (no ring)

@: very slightly contaminated, heavily drained, unable to drink
A: condensation shield, claws 1, weak 1, inability to drink after injury 1
a: no special abilities


You were on level 2 of the Dungeon.
You visited 1 branch of the dungeon, and saw 2 of its levels.

You collected 73 gold pieces.

Inventory:

Hand Weapons
 a - a +0 hand axe (weapon)
 i - a +2 dagger of speed
Missiles
 j - 5 atropa-tipped darts
Armour
 b - a +0 leather armour (worn)
Scrolls
 c - 2 scrolls of blinking
 e - a scroll of identify {unknown}
 k - a scroll of teleportation
Potions
 d - a potion of magic {unknown}


   Skills:
 + Level 2.3 Fighting
 - Level 2.6 Axes
 + Level 2.1 Dodging
 * Level 1.6 Stealth
 - Level 2.0 Spellcasting
 - Level 3.0 Conjurations


You had 4 spell levels left.
You knew the following spells:

 Your Spells              Type           Power      Damage    Failure   Level
a - Kiss of Death         Conj/Necr      20%        2d7       17%         1

Your spell library contained the following spells:

 Spells                   Type           Power      Damage    Failure   Level
 Momentum Strike          Conj/Tloc      10%        3d8       26%         2
 Ensorcelled Hibernation  Hex/Ice        2%         N/A       43%         2
 Hailstorm                Conj/Ice       5%         3d4       45%         3
 Spider Form              Tmut/Pois      1%         N/A       67%         3
 Anguish                  Hex/Necr       0%         N/A       97%         4


Dungeon Overview and Level Annotations

Branches:
Dungeon (2/15)

Altars:

Annotations:
D:2 Terence


Innate Abilities, Weirdness & Mutations

A meltable shield of frost defends you. (SH +4)
You have sharp fingernails.
You are weak. (Str -2)
You occasionally lose the ability to drink potions when taking damage.


Message History

You block Terence's attack. The ball python barely misses you.
The ball python constricts you. Terence hits you with a +0 flail.
Unknown command.
You escape the ball python's grasp.
You closely miss the ball python.
The ball python bites you but does no damage.
The ball python grabs you. The ball python constricts you.
You hit the ball python.
You kill the ball python!
You hit Terence.
Terence is lightly wounded.
Terence closely misses you.
You closely miss Terence.
Terence is lightly wounded.
Terence hits you with a +0 flail!
* * * LOW HITPOINT WARNING * * *
Unknown command.
Casting: Kiss of Death (safe; 16% risk of failure)
Confirm with . or Enter, or press ? or * to list all spells.
Aiming: Kiss of Death (safe; 16% risk of failure)
Press: ? - help, Shift-Dir - straight line, f - Terence
Aim: Terence, wielding a +0 flail and wearing a +0 ring mail (lightly wounded, 100% to hit)
You miscast Kiss of Death.
You are very lightly contaminated with residual magic.
Nothing appears to happen.
Terence hits you with a +0 flail.
* * * LOW HITPOINT WARNING * * *
Casting: Kiss of Death (safe; 16% risk of failure)
Confirm with . or Enter, or press ? or * to list all spells.
Aiming: Kiss of Death (safe; 16% risk of failure)
Press: ? - help, Shift-Dir - straight line, f/p - Terence
Aim: Terence, wielding a +0 flail and wearing a +0 ring mail (lightly wounded, 100% to hit)
The negative energy hits Terence.
Terence is drained!
Terence is heavily wounded.
You feel drained. Terence closely misses you.
It was a potion of mutation.
You feel extremely strange.
You occasionally lose the ability to drink potions when taking damage.
Your fingernails lengthen.
You feel weaker. Terence hits you with a +0 flail.
You feel threatened and lose the ability to drink potions!
You die...

#..# #......# #..# #####.##
..... #..# #... ....#
#..########### .... .
..#.......... ..$
..#.##.########### ..#
#.#.##.#... ...# ..####
#.#.##.#.#######.###.....#
................@@.......#
..[.........###.##.......#
##..##.#.##.###....#.....#
##....#.# ##..####.....#
###.#..#.##.##..# .....#
.##.#....##.....# .......
.##.##..>....##.###.#######
.......####.........#
.##.###########.#######


You could see Terence (very drained).

Vanquished Creatures
  A bat (D:1)
  4 endoplasms (D:1)
  A goblin (D:1)
  3 jackals (D:1)
  3 kobolds (D:1)
  A quokka (D:1)
  3 ball pythons
  2 frilled lizards (D:2)
  A rat (D:1)
19 creatures vanquished.

Notes
Turn   | Place    | Note
-------+----------+-------------------------------------------
     0 | D:1      | Shayle the Demonspawn Reaver began the quest for the Orb.
     0 | D:1      | Reached XP level 1. HP: 16/16 MP: 3/3
   100 | D:1      | Reached skill level 1 in Stealth
   181 | D:1      | Gained mutation: A meltable shield of frost defends you.
                  | (SH +4) [demonic ancestry]
   181 | D:1      | Reached XP level 2. HP: 22/22 MP: 5/5
   791 | D:2      | Noticed Terence
   806 | D:2      | HP: 1/23 [Terence/+0 flail (3)]
   808 | D:2      | Gained mutation: You occasionally lose the ability to drink
                  | potions when taking damage. [potion of mutation]
   808 | D:2      | Gained mutation: You have sharp fingernails. [potion of
                  | mutation]
   808 | D:2      | Gained mutation: You are weak. (Str -2) [potion of
                  | mutation]
   808 | D:2      | Slain by Terence

Illustrated notes

Levels and vault maps discovered:
D:1:      dpeg_arrival_tiny_f, layout_basic
D:2:      layout_basic, uniq_sigmund, uniq_terence

Skill      XL: |  1 |
---------------+----+-----
Dodging        | 2 |  2.1
Stealth        | 1 |  1.6
Fighting       | |  2.3
Axes           | |  2.6
Spellcasting   | |  2.0
Conjurations   | |  3.0

Action                   || total
-------------------------++-------
Melee: Hand axe          ||    53
 Cast: Kiss of Death     ||     1
  Use: Scroll            ||     5
       Potion            ||     1
 Stab: Sleeping          ||     1
Armor: Leather armour    ||    13
Dodge: Dodged            ||    29
Block: Other             ||    11

Table legend: (Time is in decaauts)
 A = Elapsed time spent in this place.
 B = Non-inter-level travel time spent in this place.
 C = Inter-level travel time spent in this place.
 D = Time resting spent in this place.
 E = Time spent auto-exploring this place.
 F = Levels seen in this place.
 G = Mean time per level.
                   A        B        C        D        E       F      G
               +--------+--------+--------+--------+--------+-----+--------+
         Total |    817 |    804 |     13 |     62 |    489 |   2 |  408.5 |
       Dungeon |    817 |    804 |     13 |     62 |    489 |   2 |  408.5 |
               +--------+--------+--------+--------+--------+-----+--------+

Top non-repeatable levels by time:
     D:1: 675 daAuts
     D:2: 141 daAuts
